 Dungeon Crawl Stone Soup version 0.27-a0-385-g3208abaabc (webtiles) character file.

Game seed: 3703159223560252109

12483 rednaxela the Cleaver (level 12, 0/81 HPs)
             Began as a Formicid Abyssal Knight on Feb 18, 2021.
             Was the Champion of Lugonu.
             Slain by a freezing wraith (21 damage)
             ... led by a death knight
             ... on level 11 of the Dungeon.
             The game lasted 00:41:29 (13162 turns).

rednaxela the Cleaver (Formicid Abyssal Knight)    Turns: 13162, Time: 00:41:30

Health: 0/81       AC: 24    Str: 20    XL:     12   Next: 20%
Magic:  16/16      EV:  6    Int: 17    God:    Lugonu [******]
Gold:   381        SH: 14    Dex: 18    Spells: 11/11 levels left

rFire    . . .     SeeInvis +   a - +7 battleaxe (freeze)
rCold    . . .     Faith    +   z - +2 kite shield of a bailey {rPois Dex+7}
rNeg     + . .     Spirit   .   v - +10 plate armour of the Spheres {Int+4}
rPois    +         Reflect  .   (helmet unavailable)
rElec    .         Harm     .   (no cloak)
rCorr    .         Rampage  .   g - +0 pair of gloves
Will     +....                  r - +1 pair of boots
Stlth    ..........             x - amulet of faith
HPRegen  0.23/turn              i - ring of positive energy
MPRegen  0.15/turn              (no ring)

@: no status effects
A: permanent stasis, dig shafts and tunnels, four strong arms, antennae 3
a: Dig, Shaft Self, Renounce Religion, Depart the Abyss, Bend Space, Banish,
Corrupt, Enter the Abyss, Brand Weapon With Distortion


You were on level 11 of the Dungeon.
You worshipped Lugonu.
Lugonu was exalted by your worship.
You visited 1 branch of the dungeon, and saw 11 of its levels.
You visited the Abyss 1 time.

You collected 459 gold pieces.
You spent 78 gold pieces at shops.

Inventory:

Hand Weapons
 a - a +7 battleaxe of freezing (weapon)
   (You took it off a wight on level 7 of the Dungeon)
 b - a +4 spear of freezing
   (You took it off a wight on level 9 of the Dungeon)
 D - a +0 spear of venom
   (You found it on level 10 of the Dungeon)
Missiles
 o - 7 throwing nets {!f}
 C - 8 curare-tipped darts (quivered)
Armour
 g - a +0 pair of gloves (worn)
   (You found it on level 1 of the Dungeon)
 r - a +1 pair of boots (worn)
   (You found it on level 3 of the Dungeon)
 v - the +10 plate armour of the Spheres (worn) {Int+4}
   (You found it on level 4 of the Dungeon)

   It affects your intelligence (+4).
 z - the +2 kite shield of a bailey (worn) {rPois Dex+7}
   (You found it on level 5 of the Dungeon)

   It affects your dexterity (+7).
   It protects you from poison.
Jewellery
 h - a ring of fire
   (You found it on level 6 of the Dungeon)
 i - a ring of positive energy (left hand)
   (You found it on level 8 of the Dungeon)
 x - an amulet of faith (around neck)
   (You found it on level 6 of the Dungeon)
Wands
 k - a wand of flame (16) {@v4}
   (You took it off a wight on level 7 of the Dungeon)
 s - a wand of digging (3) {@v3}
   (You found it on level 10 of the Dungeon)
 y - a wand of mindburst (2)
   (You took it off a centaur on level 5 of the Dungeon)
Scrolls
 f - a scroll of amnesia {unknown}
 j - a scroll of holy word {unknown}
 p - a scroll of enchant armour
 q - 5 scrolls of immolation
 w - a scroll of magic mapping {@r5 !r}
 A - 2 scrolls of fear {!r}
 B - a scroll of fog {!r}
 F - a scroll of vulnerability {unknown}
Potions
 c - 7 potions of heal wounds {@q2 !q}
 d - 4 potions of lignification {@q6}
 e - 3 potions of ambrosia
 l - 5 potions of curing {@q1 !q}
 m - 2 potions of might {@q3 !q}
 n - 3 potions of cancellation
 t - a potion of magic
 u - 2 potions of brilliance
Miscellaneous
 E - a condenser vane
   (You found it on level 11 of the Dungeon)


   Skills:
 - Level 3.2 Fighting
 + Level 13.6(14.5) Axes
 - Level 8.9(12.3) Polearms
 - Level 2.1 Armour
 - Level 0.8 Dodging
 - Level 9.0 Shields
 - Level 6.0 Invocations


You had 11 spell levels left.
You didn't know any spells.
Your spell library contained the following spells:

 Spells                   Type           Power        Failure   Level
 Animate Skeleton         Necr           0%           100%        1
 Apportation              Tloc           0%           100%        1
 Corona                   Hex            0%           100%        1
 Summon Small Mammal      Summ           0%           100%        1
 Call Imp                 Summ           0%           100%        2
 Call Canine Familiar     Summ           0%           100%        3
 Lesser Beckoning         Tloc           0%           100%        3
 Summon Guardian Golem    Hex/Summ       0%           100%        3
 Tukima's Dance           Hex            0%           100%        3
 Summon Ice Beast         Ice/Summ       0%           100%        4
 Summon Lightning Spire   Summ/Air       0%           100%        4
 Alistair's Intoxication  Tmut/Pois      0%           100%        5
 Invisibility             Hex            0%           100%        6


Dungeon Overview and Level Annotations

Branches:
Dungeon (11/15)            Temple (0/1) D:5            Lair (0/6) D:11
    Orc (0/2) D:11

Altars:
Cheibriados
Elyvilon
Fedhas
Okawaru
Qazlal
Ru
Sif Muna
Trog
Vehumet
Zin
The Shining One

Shops:
D:6 ?

Annotations:
D:6 exclusion: downstairs
D:11 2 transporters, Zekkers's ghost, journeyman TrMo


Innate Abilities, Weirdness & Mutations

You cannot be hasted, slowed, berserked, paralysed or teleported.
You can dig through walls and to a lower floor.
Your four strong arms can wield two-handed weapons with a shield.
You have a pair of large antennae on your head. (SInv)


Message History

The freezing wraith is severely damaged.
You barely miss the freezing wraith.
The freezing wraith is severely damaged.
You slash the yak! You freeze the yak.
The freezing wraith hits you but does no damage.
You block the freezing wraith's attack. The yak gores you.
You hit the freezing wraith.
The freezing wraith is severely damaged.
You barely miss the yak.
The freezing wraith hits you but does no damage. x2
You block the yak's attack.
You slice the freezing wraith!!
You destroy the freezing wraith!
You slash the yak! You freeze the yak. You slash the yak! You freeze the yak.
You kill the yak!
Your plate armour of the Spheres prevents you from hitting the skeletal warrior.
You block the skeletal warrior's attack.
You slash the skeletal warrior! You freeze the skeletal warrior.
The skeletal warrior is moderately damaged.
The skeletal warrior completely misses you.
You slash the skeletal warrior! You freeze the skeletal warrior.
The skeletal warrior is heavily damaged.
You slash the death knight! You freeze the death knight.
The death knight is lightly wounded.
You slash the death knight! You freeze the death knight.
The death knight is heavily wounded.
You block the death knight's attack.
You hit the death knight but do no damage.
The death knight is heavily wounded.
You barely miss the death knight.
The death knight is heavily wounded.
The death knight mumbles some strange prayers to Yredelemnul against you.
Your body is wracked with pain!
* * * LOW HITPOINT WARNING * * *
You are too injured to fight recklessly!
You are too injured to fight recklessly!
You slash the death knight! You freeze the death knight.
The death knight is heavily wounded.
You block the death knight's attack.
You hit the death knight but do no damage.
The death knight is heavily wounded.
The death knight hits you with a +3 great mace!
* * * LOW HITPOINT WARNING * * *
Really quaff
c - 8 potions of heal wounds {@q2 !q}?
You feel much better.
The death knight hits you but does no damage.
Press: ? - help, Shift-Dir - straight line, f - death knight
Aim: a death knight, wielding a +3 great mace and wearing a +0 chain mail (heavily wounded, chance to affect: 36%)
Okay, then.
You barely miss the death knight.
The death knight is heavily wounded.
You block the death knight's attack.
You slash the death knight! You freeze the death knight.
The death knight is severely wounded.
You hit the death knight. You freeze the death knight.
The death knight is almost dead.
You block the death knight's attack.
You slice the death knight!! You freeze the death knight.
You kill the death knight!
You barely miss the freezing wraith.
The freezing wraith is lightly damaged.
You block the freezing wraith's attack. The freezing wraith hits you!
* * * LOW HITPOINT WARNING * * *
You slash the freezing wraith!
The freezing wraith is heavily damaged.
The freezing wraith hits you but does no damage.
You block the freezing wraith's attack.
You barely miss the freezing wraith.
The freezing wraith is heavily damaged.
You block the freezing wraith's attack. The freezing wraith hits you.
* * * LOW HITPOINT WARNING * * *
You closely miss the freezing wraith.
The freezing wraith is moderately damaged.
You block the freezing wraith's attack. The freezing wraith hits you!
* * * LOW HITPOINT WARNING * * *
The freezing wraith drains your vigour!
Your stasis prevents you from being slowed.
You slash the freezing wraith!
The freezing wraith is severely damaged.
You block the freezing wraith's attack. The freezing wraith barely misses you.
You hit the freezing wraith but do no damage.
The freezing wraith is severely damaged.
The freezing wraith hits you but does no damage.
You block the freezing wraith's attack.
You hit the freezing wraith.
The freezing wraith is severely damaged.
You block the freezing wraith's attack. The freezing wraith hits you.
* * * LOW HITPOINT WARNING * * *
The freezing wraith drains your vigour!
Your stasis prevents you from being slowed.
You hit the freezing wraith.
The freezing wraith is severely damaged.
You block the freezing wraith's attack. x2
You barely miss the freezing wraith.
The freezing wraith is severely damaged.
The freezing wraith hits you.
* * * LOW HITPOINT WARNING * * *
The freezing wraith freezes you!!
You die...

#...........###.
#########'#.###.
#......... #.........
#......... #########
######.........
........####......(.......
......†YW†##..............
......{z#@.#.........>....
......p.##.'..............
........####..............
.....^..# #..............
........# #....[.........
........# #####'.....(...
###+##### #))........
###)####.#### ##.))#
#.....


You could see a freezing wraith and a yak.

Vanquished Creatures
  Harold (D:10)
  A death knight (D:11)
  Sonja (D:10)
  2 unseen horrors
  An ugly thing (D:11)
  A gargoyle (D:11)
  A freezing wraith (D:11)
  4 trolls
  13 yaks
  A basilisk (D:10)
  A steam dragon (D:9)
  2 soldier ants
  A warg (D:11)
  A water moccasin (D:7)
  2 black bears
  7 orc warriors
  2 ice beasts
  5 sky beasts
  5 ogres
  An eye of draining (D:11)
  A necrophage (D:6)
  4 centaurs
  2 phantoms
  4 bullfrogs
  A gnoll sergeant (D:9)
  2 scorpions
  6 killer bees
  11 wights
  2 howler monkeys
  A bullfrog zombie (D:11)
  4 hounds
  A jelly (D:8)
  6 orc priests
  A bullfrog skeleton (D:11)
  3 iguanas
  12 orc wizards
  12 worker ants
  A killer bee zombie (D:6)
  A hound zombie (D:7)
  2 hound skeletons
  Robin (D:4)
  11 adders
  14 gnolls
  A howler monkey skeleton (D:6)
  A white imp (D:5)
  An ufetubus (D:9)
  2 oozes
  2 adder skeletons
  An adder zombie (D:10)
  5 worms
  4 dart slugs
  8 leopard geckos
  55 orcs
  A ball python (D:4)
  5 bats (D:1)
  A giant cockroach (D:3)
  16 goblins
  12 hobgoblins
  16 jackals
  6 quokkas
  3 frilled lizards
  6 kobolds
  2 leopard gecko skeletons
  2 quokka skeletons
  2 quokka zombies
  8 rats
316 creatures vanquished.

Vanquished Creatures (others)
  3 orcs (D:9)
3 creatures vanquished.

Grand Total: 319 creatures vanquished

Notes
Turn   | Place    | Note
-------+----------+-------------------------------------------
     0 | Abyss:1  | rednaxela the Formicid Abyssal Knight began the quest for
                  | the Orb.
     0 | Abyss:1  | Reached XP level 1. HP: 18/18 MP: 2/2
    82 | Abyss:1  | Noticed a wraith
    96 | D:1      | Escaped the Abyss
   160 | D:1      | Reached XP level 2. HP: 23/24 MP: 3/3
   175 | D:1      | Reached * piety under Lugonu
   200 | D:1      | Reached skill level 3 in Polearms
   349 | D:1      | Reached XP level 3. HP: 29/29 MP: 4/4
   937 | D:1      | Reached skill level 4 in Polearms
   937 | D:1      | Reached XP level 4. HP: 35/35 MP: 5/5
  1363 | D:2      | Reached ** piety under Lugonu
  1884 | D:2      | Reached XP level 5. HP: 41/41 MP: 6/6
  2116 | D:2      | Found a radiant altar of Vehumet.
  2121 | D:2      | Found a blossoming altar of Fedhas.
  2467 | D:2      | Reached skill level 5 in Polearms
  2952 | D:3      | Found a glowing silver altar of Zin.
  3013 | D:3      | Found a faded altar of an unknown god.
  3794 | D:3      | Reached XP level 6. HP: 46/47 MP: 7/7
  3808 | D:3      | Reached *** piety under Lugonu
  3809 | D:3      | Reached skill level 6 in Polearms
  4197 | D:4      | Reached XP level 7. HP: 26/52 MP: 8/8
  4418 | D:4      | Got a diamond-encrusted plate armour
  4429 | D:4      | Identified the +10 plate armour of the Spheres {Int+4} (You
                  | found it on level 4 of the Dungeon)
  4536 | D:4      | Noticed Robin
  4565 | D:4      | Reached skill level 7 in Polearms
  4574 | D:4      | Killed Robin
  4611 | D:4      | Found a stormy altar of Qazlal.
  4615 | D:4      | Noticed a water elemental
  4615 | D:4      | Noticed a fire elemental
  4615 | D:4      | Noticed an air elemental
  5214 | D:5      | Entered Level 5 of the Dungeon
  5492 | D:4      | Reached skill level 8 in Polearms
  5700 | D:5      | Reached skill level 3 in Invocations
  5700 | D:5      | Reached XP level 8. HP: 32/58 MP: 8/10
  5843 | D:5      | Reached skill level 4 in Invocations
  6011 | D:5      | Found a staircase to the Ecumenical Temple.
  6056 | D:5      | Reached skill level 5 in Invocations
  6106 | D:5      | Reached skill level 6 in Invocations
  6114 | D:5      | Got a pitted kite shield
  6124 | D:5      | Identified the +2 kite shield of a bailey {rPois Dex+7}
                  | (You found it on level 5 of the Dungeon)
  6654 | D:5      | Reached skill level 1 in Shields
  6656 | D:5      | Found a white marble altar of Elyvilon.
  6733 | D:6      | Found Vifusmag's Magic Scroll Emporium.
  6741 | D:6      | Bought a scroll of identify for 26 gold pieces
  6741 | D:6      | Bought a scroll of identify for 26 gold pieces
  6741 | D:6      | Bought a scroll of identify for 26 gold pieces
  6849 | D:5      | Reached skill level 2 in Shields
  6972 | D:6      | Reached skill level 3 in Shields
  7093 | D:6      | Reached skill level 4 in Shields
  7222 | D:6      | Reached skill level 5 in Shields
  7274 | D:6      | Reached **** piety under Lugonu
  7275 | D:6      | Reached XP level 9. HP: 56/64 MP: 13/13
  7395 | D:6      | Reached skill level 6 in Shields
  7586 | D:7      | Reached skill level 7 in Shields
  7699 | D:7      | Reached skill level 8 in Shields
  8156 | D:7      | Reached skill level 9 in Shields
  8213 | D:6      | Noticed a rust devil
  8213 | D:6      | Noticed a rust devil
  8453 | D:7      | Reached skill level 1 in Axes
  8519 | D:7      | Reached skill level 2 in Axes
  8532 | D:7      | Reached skill level 3 in Axes
  8799 | D:8      | Reached XP level 10. HP: 70/70 MP: 14/14
  8936 | D:8      | Reached skill level 4 in Axes
  9019 | D:7      | Reached ***** piety under Lugonu
  9178 | D:9      | Reached skill level 5 in Axes
  9297 | D:9      | Reached skill level 6 in Axes
  9362 | D:9      | Reached skill level 7 in Axes
  9558 | D:9      | Found a bloodstained altar of Trog.
  9602 | D:9      | Reached skill level 8 in Axes
  9609 | D:9      | Reached skill level 9 in Axes
 10210 | D:9      | Reached XP level 11. HP: 72/75 MP: 15/15
 10823 | D:8      | Found a sacrificial altar of Ru.
 11217 | D:9      | Found an iron altar of Okawaru.
 11217 | D:9      | Found a sacrificial altar of Ru.
 11224 | D:9      | Found a glowing golden altar of the Shining One.
 11226 | D:9      | Found a snail-covered altar of Cheibriados.
 11228 | D:9      | Found a shimmering blue altar of Sif Muna.
 11257 | D:10     | Entered Level 10 of the Dungeon
 11677 | D:10     | Reached skill level 10 in Axes
 12045 | D:10     | Noticed an unseen horror
 12063 | D:10     | Killed an unseen horror
 12064 | D:10     | Reached skill level 11 in Axes
 12264 | D:10     | Noticed Harold
 12277 | D:10     | Killed Harold
 12290 | D:10     | Noticed Sonja
 12294 | D:10     | Killed Sonja
 12733 | D:11     | Noticed an unseen horror
 12739 | D:11     | Killed an unseen horror
 12740 | D:11     | Reached skill level 12 in Axes
 12773 | D:11     | Noticed a cyan ugly thing
 12781 | D:11     | Killed a cyan ugly thing
 12814 | D:11     | Reached ****** piety under Lugonu
 12829 | D:11     | Found a staircase to the Orcish Mines.
 12903 | D:11     | Noticed a moth of wrath
 12909 | D:11     | Found a transporter.
 12935 | D:11     | Noticed Zekkers's ghost (journeyman TrMo)
 12982 | D:11     | Found a transporter.
 13002 | D:11     | Reached skill level 13 in Axes
 13002 | D:11     | Reached XP level 12. HP: 75/81 MP: 16/16
 13087 | D:11     | Found a staircase to the Lair.
 13123 | D:11     | Noticed a skeletal warrior
 13124 | D:11     | Noticed a death knight
 13153 | D:11     | Killed a death knight
 13162 | D:11     | Slain by a freezing wraith

Illustrated notes

Levels and vault maps discovered:
D:1:      shiori_shiawase, layout_loops_ring, kennysheep_nondescript
D:2:      layout_loops_ring, minitemple
D:3:      layout_basic, general_overflow_altar, chequers_ecumenical_altar_twisty
D:4:      layout_loops_ring, nicolae_qazlal_style_of_elements,
          minmay_misc_feat_alley, uniq_robin
D:5:      layout_cave_pools, nicolae_overflow_hidden_temple,
          minmay_temple_entry_statues_pillars
D:6:      cheibrodos_iron_armory, layout_rooms, serial_shops, shop_fountains
D:7:      layout_basic
D:8:      layout_basic, serial_bayou_pond_d, hangedman_ru_absence
D:9:      layout_roguey, chequers_temple_overflow_minitemple,
          trog_butcher_becter
D:10:     layout_cave_pods, uniq_sonja, uniq_harold
D:11:     layout_roguey, lair_entry_dummy, david_orc_3,
          gammafunk_ghost_berserking_beasts, kennysheep_generic_room_15

Skill      XL: |  1  2  3  4  5  6  7  8  9 10 11 |
---------------+----------------------------------+-----
Polearms       | 3 4 5 6 8 |  8.9
Invocations    | 3 6 |  6.0
Shields        | 5 9 |  9.0
Axes           | 3 9 13 | 13.6
Fighting       | |  3.2
Armour         | |  2.1
Dodging        | |  0.8

Action                   |  1- 3 |  4- 6 |  7- 9 | 10-12 || total
-------------------------+-------+-------+-------+-------++-------
Melee: Spear             |   112 |   263 |   603 |       ||   978
       Flail             |       |       |    13 |       ||    13
       Battleaxe         |       |       |    29 |   332 ||   361
 Fire: Hunting sling     |       |    21 |     3 |       ||    24
Throw: Javelin           |       |     3 |     5 |       ||     8
Invok: Depart the Abyss  |     1 |       |       |       ||     1
       Bend Space        |       |       |     2 |       ||     2
 Abil: Dig               |       |       |     2 |       ||     2
Evoke: Wand              |       |       |       |     7 ||     7
  Use: Scroll            |       |     4 |    13 |     4 ||    21
       Potion            |       |     1 |       |     1 ||     2
 Stab: Sleeping          |     1 |       |       |       ||     1
Armor: Leather armour    |    20 |     5 |       |       ||    25
       Ring mail         |       |    75 |       |       ||    75
       Plate armour      |       |       |   275 |   152 ||   427
Dodge: Dodged            |    48 |    99 |    83 |    61 ||   291
Block: Kite shield       |       |       |   197 |   232 ||   429

Table legend: (Time is in decaauts)
 A = Elapsed time spent in this place.
 B = Non-inter-level travel time spent in this place.
 C = Inter-level travel time spent in this place.
 D = Time resting spent in this place.
 E = Time spent auto-exploring this place.
 F = Levels seen in this place.
 G = Mean time per level.
                   A        B        C        D        E       F      G
               +--------+--------+--------+--------+--------+-----+--------+
         Total |  13067 |  12207 |    860 |   1636 |   7000 |  12 | 1088.9 |
       Dungeon |  12971 |  12111 |    860 |   1636 |   6924 |  11 | 1179.2 |
         Abyss |     96 |     96 |      0 |      0 |     76 |   1 |   96.0 |
               +--------+--------+--------+--------+--------+-----+--------+

Top non-repeatable levels by time:
     D:2: 1605 daAuts
     D:4: 1544 daAuts
     D:9: 1446 daAuts
    D:10: 1444 daAuts
     D:5: 1311 daAuts
     D:7: 1211 daAuts
     D:3: 1192 daAuts
     D:1: 1031 daAuts
     D:8: 996 daAuts
     D:6: 756 daAuts
    D:11: 431 daAuts
 Abyss:1: 96 daAuts
